 Dungeon Crawl Stone Soup version 0.19-a0-1511-g16f215b (webtiles) character file.

3238 AlphabetPasta the Cleaver (level 9, -4/75 HPs)
             Began as a Demigod Gladiator on Sept 11, 2016.
             Slain by a troll (13 damage)
             ... on level 9 of the Dungeon.
             The game lasted 00:26:57 (7449 turns).

AlphabetPasta the Cleaver (Demigod Gladiator)       Turns: 7449, Time: 00:26:59

Health: -4/75      AC:  9    Str: 29    XL:     9   Next: 39%
Magic:  14/14      EV: 15    Int: 12    God:
Gold:   473        SH:  0    Dex: 16    Spells: 0 memorised, 8 levels left

rFire  + + .     SeeInvis .     a - +1 war axe
rCold  . . .     Gourm    .     g - +0 leather armour "Zeomamp" {rPois rF++}
rNeg   . . .     Faith    .     (no shield)
rPois  +         Spirit   .     c - +0 helmet
rElec  .         Dismiss  .     i - +0 cloak
rCorr  .         Reflect  .     J - +0 pair of gloves
MR     .....     Harm     .     (no boots)
Stlth  +.........               (no amulet)
                                r - +2 ring of protection
                                (no ring)

@: mighty
A: high mp 1
a: no special abilities


You were on level 9 of the Dungeon.
You were not hungry.

You visited 1 branch of the dungeon, and saw 9 of its levels.

You collected 473 gold pieces.

Inventory:

Hand Weapons
 a - a +1 war axe (weapon)
 b - a +0 arbalest
Missiles
 d - 2 throwing nets (quivered)
 y - 2 javelins
 z - 46 bolts
Armour
 c - a +0 helmet (worn)
 e - a +0 ring mail
 g - the +0 leather armour "Zeomamp" (worn) {rPois rF++}
   (You found it on level 6 of the Dungeon)

   It greatly protects you from fire.
   It protects you from poison.
 i - a +0 cloak (worn)
 w - a +1 scale mail
 D - a +0 plate armour
 H - a +0 leather armour
 J - a +0 pair of gloves (worn)
Jewellery
 r - a +2 ring of protection (right hand)
Wands
 x - a wand of enslavement (8/24)
 B - a wand of polymorph (8/24)
 C - a wand of slowing (25/48)
Scrolls
 m - 2 scrolls of teleportation
 n - 4 scrolls of remove curse
 p - 2 scrolls of blinking
 q - a scroll of magic mapping
 s - 6 scrolls of identify
 t - 2 scrolls of enchant armour
 E - a scroll of fog
Potions
 j - 2 potions of ambrosia
 o - 4 potions of curing
 u - a potion of haste
 A - a potion of invisibility
 I - 2 potions of might
Comestibles
 f - 10 bread rations
 h - 9 fruits
 k - 4 slices of pizza
 l - 4 meat rations
 v - 8 beef jerkies


   Skills:
 + Level 5.7 Fighting
 * Level 8.3 Axes
 * Level 2.5 Crossbows
 - Level 1.7 Throwing
 + Level 5.4 Armour
 - Level 4.8 Dodging
 - Level 2.9 Evocations


You had 8 spell levels left.
You didn't know any spells.

Dungeon Overview and Level Annotations

Branches:
Dungeon (9/15)             Temple (0/1) D:6             Orc (0/2) D:9
   Lair: D:8-11

Shops:
D:4 (   D:6 [

Annotations:
D:2 Sigmund


Innate Abilities, Weirdness & Mutations

You have an increased reservoir of magic. (+10% MP)


Message History

You hit the ice beast but do no damage.
The ice beast is almost dead.
The ice beast closely misses you.
You slash the ice beast!
You kill the ice beast!
You feel very mighty all of a sudden. The troll bites you!
The troll barely misses you. The troll claws you but does no damage.
You closely miss the troll. The troll closely misses you. x3
You hit the troll.
The troll is lightly wounded.
The troll bites you! The troll closely misses you. The troll misses you.
You slash the troll!
The troll is moderately wounded.
The troll bites you!
* * * LOW HITPOINT WARNING * * *
The troll claws you!
* * * LOW HITPOINT WARNING * * *
The troll claws you!
You die...

##+# ### ##...## ..#
##.....## #.##
##.......##
...####.........#########
......+.........'#.......
...####.........@T.......
.<## #.......###.......
.## ##.....## ...#### .#
##...## ...# .# ##'##
...# .##### #.# ...#
.....######.# ...#
..........#.## ...#
####.####....#


You could see a troll.

Vanquished Creatures
  The ghost of smazza the Arsonist, a novice DEFE of Vehumet (D:7)
  Eustachio (D:4)
  A hippogriff (D:8)
  2 hungry ghosts
  Menkaure (D:4)
  3 orc warriors
  An ice beast (D:9)
  A phantom (D:7)
  4 ogres
  A centaur (D:8)
  3 giant frogs
  Blork the orc (D:4)
  A water moccasin skeleton (D:6)
  2 crimson imps (D:6)
  2 jellies
  3 giant frog skeletons
  4 orc wizards
  3 hounds
  An iguana (D:8)
  A gnoll shaman (D:7)
  Terence (D:2)
  5 worker ants
  A hound skeleton (D:4)
  3 worker ant zombies
  6 gnolls
  11 adders
  A shadow imp (D:5)
  An adder skeleton (D:7)
  3 adder zombies
  3 worms
  2 dart slugs (D:1)
  2 giant geckos
  14 orcs
  9 bats
  4 giant cockroaches
  11 goblins
  5 hobgoblins
  4 jackals (D:6)
  4 quokkas
  7 giant newts
  3 kobolds
  A quokka skeleton (D:8)
  6 rats
144 creatures vanquished.

Notes
Turn   | Place    | Note
-------+----------+-------------------------------------------
     0 | D:1      | AlphabetPasta the Demigod Gladiator began the quest for the Orb.
     0 | D:1      | Reached XP level 1. HP: 17/17 MP: 3/3
   143 | D:1      | Found an iron altar of Okawaru.
   186 | D:1      | Reached XP level 2. HP: 7/24 MP: 4/4
  1218 | D:2      | Reached skill level 3 in Axes
  1308 | D:2      | Reached skill level 1 in Armour
  1308 | D:2      | Reached XP level 3. HP: 29/29 MP: 5/5
  1518 | D:2      | Found an opulent altar of Gozag.
  1522 | D:2      | Noticed Terence
  1540 | D:2      | Killed Terence
  1689 | D:2      | Noticed Sigmund
  1854 | D:3      | Reached XP level 4. HP: 35/37 MP: 6/6
  2375 | D:3      | Reached XP level 5. HP: 41/42 MP: 7/7
  2380 | D:3      | Found a shadowy altar of Dithmenos.
  2594 | D:3      | Found a hazy altar of Hepliaklqana.
  2731 | D:4      | Noticed Blork the orc
  2736 | D:4      | Noticed an ogre
  2742 | D:4      | Killed Blork the orc
  2742 | D:4      | Reached skill level 4 in Axes
  2750 | D:4      | Killed an ogre
  2750 | D:4      | Reached XP level 6. HP: 40/51 MP: 8/8
  3028 | D:4      | Found Xaceam's Weapon Shoppe.
  3195 | D:4      | Noticed Eustachio
  3204 | D:3      | Found a white marble altar of Elyvilon.
  3204 | D:3      | Found a deep blue altar of Sif Muna.
  3204 | D:3      | Found a stormy altar of Qazlal.
  3204 | D:3      | Found a bloodstained altar of Trog.
  3375 | D:4      | Killed Eustachio
  3375 | D:4      | Reached skill level 5 in Axes
  3459 | D:4      | Noticed Menkaure
  3476 | D:4      | Reached XP level 7. HP: 22/57 MP: 9/9
  3478 | D:4      | HP: 2/57 [Menkaure (12)]
  3481 | D:4      | Killed Menkaure
  3844 | D:5      | Entered Level 5 of the Dungeon
  4104 | D:5      | Noticed a hungry ghost
  4122 | D:5      | Killed a hungry ghost
  4122 | D:5      | Reached skill level 6 in Axes
  4496 | D:6      | Got a garnet-encrusted leather armour
  4507 | D:6      | Reached XP level 8. HP: 49/66 MP: 10/10
  4519 | D:6      | Identified the +0 leather armour "Zeomamp" {rPois rF++} (You found it on level 6 of the Dungeon)
  4722 | D:6      | Found a staircase to the Ecumenical Temple.
  4763 | D:6      | Found Utozeemiwo's Armour Shoppe.
  5126 | D:6      | Reached skill level 1 in Evocations
  5477 | D:6      | Reached skill level 7 in Axes
  5687 | D:7      | Reached skill level 5 in Fighting
  5966 | D:7      | Noticed smazza's ghost (novice DEFE)
  6010 | D:7      | Killed smazza's ghost
  6010 | D:7      | Reached XP level 9. HP: 61/74 MP: 14/14
  6130 | D:7      | Reached skill level 5 in Armour
  6271 | D:7      | Reached skill level 8 in Axes
  6571 | D:8      | Reached skill level 1 in Crossbows
  7190 | D:9      | Found a staircase to the Orcish Mines.
  7449 | D:9      | Slain by a troll

Vault maps used:
D:1:      matt_arrival_refuge, minmay_misc_feat_doors, okawaru_ov_weapons_minmay
D:2:      serial_bayou_lagoon_a, nicolae_gozag_cash_rules_everything_around_me,
          uniq_terence, uniq_sigmund
D:3:      lemuel_coloured_pillars_altar, nicolae_overflow_hidden_temple,
          old_standard_altar, minmay_randomly_rotated_circles
D:4:      first_bread, serial_shops, shop, uniq_blork_the_orc, uniq_menkaure,
          uniq_eustachio
D:6:      serial_shops, shop
D:7:      grunt_ogre_cave
D:8:      minivault_27
D:9:      kennysheep_blocky_hall, david_orc_2

Skill      XL: |  1  2  3  4  5  6  7  8  9 |
---------------+----------------------------+-----
Fighting       | 2 3 4 5 |  5.7
Dodging        | 3 4 |  4.8
Axes           | 3 4 5 6 7 8 |  8.3
Armour         | 1 2 3 4 5 |  5.4
Evocations     | 2 |  2.9
Crossbows      | 2 |  2.5
Throwing       | |  1.7

Action                   |  1- 3 |  4- 6 |  7- 9 || total
-------------------------+-------+-------+-------++-------
Melee: War axe           |    94 |   147 |   356 ||   597
Throw: Throwing net      |     1 |     1 |       ||     2
Evoke: Wand              |       |       |     1 ||     1
  Use: Scroll            |       |    15 |     4 ||    19
       Potion            |       |     4 |     2 ||     6
 Stab: Held in net/web   |       |     1 |       ||     1
       Sleeping          |       |       |     2 ||     2
  Eat: Chunk             |     3 |     5 |    12 ||    20
       Beef jerky        |       |       |     2 ||     2
       Royal jelly       |       |       |     1 ||     1
Armor: Ring mail         |    33 |    19 |       ||    52
       Scale mail        |       |    60 |    26 ||    86
       Leather armour    |       |       |    84 ||    84
Dodge: Dodged            |    48 |   111 |   231 ||   390
